 Dungeon Crawl Stone Soup version 0.17.0-26-gececa24 (console) character file.

58 gw the Cudgeler (level 3, -5/33 HPs)
             Began as a Deep Dwarf Gladiator on Nov 21, 2015.
             Slain by an ice beast (11 damage)
             ... on level 1 of the Dungeon.
             The game lasted 00:04:10 (2546 turns).

gw the Cudgeler (Deep Dwarf Gladiator)              Turns: 2546, Time: 00:04:10

Health: -5/33      AC: 10    Str: 18    XL:     3   Next: 76%
Magic:  3/3        EV: 11    Int:  8    God:
Gold:   62         SH:  0    Dex: 14    Spells: 0 memorised, 2 levels left

rFire  . . .     SeeInvis +     a - +0 flail
rCold  . . .     Clarity  .     j - +0 scale mail
rNeg   . . .     SustAt   .     (no shield)
rPois  .         Gourm    .     c - +0 helmet
rElec  .         Spirit   .     (no cloak)
rCorr  .         Warding  .     b - +2 pair of gloves
rMut   .         Stasis   .     (no boots)
MR     .....                    (no amulet)
Stlth  ..........               (no ring)
                                g - ring of see invisible

@: non-regenerating, not resistant to hostile enchantments, extremely unstealthy
A: damage resistance, recharge devices, sense surroundings 1, slow regeneration
3
a: Device Recharging


You were on level 1 of the Dungeon.
You were not hungry.

You visited 1 branch of the dungeon, and saw 3 of its levels.

You collected 62 gold pieces.

Inventory:

Hand Weapons
 a - a +0 flail (weapon)
Missiles
 d - 3 throwing nets
Armour
 b - a +2 pair of gloves (worn)
 c - a +0 helmet (worn)
 j - a +0 scale mail (worn)
Jewellery
 g - a ring of see invisible (left hand)
Wands
 e - a wand of heal wounds (0)
Comestibles
 f - 2 bread rations


   Skills:
 + Level 2.5 Fighting
 * Level 3.8 Maces & Flails
 - Level 1.7 Throwing
 + Level 1.2 Armour
 - Level 3.2 Dodging
 + Level 1.3 Evocations


You had 2 spell levels left.
You didn't know any spells.

Dungeon Overview and Level Annotations

Branches:
Dungeon (3/15)

Altars:
Elyvilon
Nemelex Xobeh
Xom
The Shining One

Annotations:
D:1 exclusion: downstairs
D:2 exclusion: downstairs


Innate Abilities, Weirdness & Mutations

You are resistant to damage.
You can recharge devices by infusing magical energy.
You passively map a small area around you.
You do not regenerate naturally.


Message History

MOVING TO (-6,0) MOVING TO (-5,0) MOVING TO (-4,0) MOVING TO (-3,0) MOVING TO (-2,0) MOVING TO (-1,0) MOVING TO (-2,0) MOVING TO (-1,0) MOVING TO (0,-2)
The ice beast closely misses you.
MOVING TO (0,-1) MOVING TO (-2,0)
The ice beast hits you. The ice beast freezes you!
MOVING TO (-1,0) MOVING TO (-1,0) MOVING TO (-1,0) MOVING TO (-1,1)
The ice beast closely misses you. The ice beast hits you.
The ice beast freezes you!
You die...

######### #........
###########.#######
########>.Y..............#
#........g####.###.#####.#
#.........# #............
#.....(...########.#.###.#
#.........................
#..........###'###.#.###..
#...............##.#.# #..
#...............##.#.# #.. *
#####'''########.....#.###.#
########...########............


You could see an ice beast.

Table legend:
 A = Turns spent in this place as a percentage of turns spent in the entire game.
 B = Non-inter-level travel turns spent in this place as a percentage of non-inter-level travel turns spent in the entire game.
 C = Inter-level travel turns spent in this place as a percentage of turns spent in this place.
 D = Turns resting spent in this place as a percentage of non-inter-level travel turns spent in this place.
 E = Turns spent auto-exploring this place as a percentage of non-inter-level travel turns spent in this place.
 F = Non-inter-level travel turns spent in this place divided by the number of levels of this place that you've seen.
                   A       B       C       D       E      F
               +-------+-------+-------+-------+-------+----------------------
         Total | 100.0 | 100.0 |   0.2 |   0.0 |   1.2 | 2045.0
       Dungeon | 100.0 | 100.0 |   0.2 |   0.0 |   1.2 | 2045.0
               +-------+-------+-------+-------+-------+----------------------

Table legend:
 A = Kills in this place as a percentage of kills in entire the game.
 B = Kills by you in this place as a percentage of kills by you in the entire game.
 C = Kills by friends in this place as a percentage of kills by friends in the entire game.
 D = Other kills in this place as a percentage of other kills in the entire game.
 E = Experience gained in this place as a percentage of experience gained in the entire game.
 F = Experience gained in this place divided by the number of levels of this place that you have seen.
                   A       B       C       D       E      F
               +-------+-------+-------+-------+-------+----------------------
         Total | 100.0 | 100.0 |  -nan |  -nan | 100.0 |  28.0
       Dungeon | 100.0 | 100.0 |  -nan |  -nan | 100.0 |  28.0
               +-------+-------+-------+-------+-------+----------------------

Vanquished Creatures
  An adder (D:2)
  An ooze (D:2)
  2 worms (D:2)
  2 giant geckos (D:2)
  4 bats
  6 hobgoblins (D:2)
  5 giant cockroaches
  6 goblins
  6 kobolds
  8 rats
41 creatures vanquished.

Notes
Turn   | Place    | Note
--------------------------------------------------------------
     0 | D:1      | gw the Deep Dwarf Gladiator began the quest for the Orb.
     0 | D:1      | Reached XP level 1. HP: 19/19 MP: 1/1
     3 | D:1      | Noticed an electric eel
     3 | D:1      | Noticed an electric eel
   167 | D:1      | Reached skill level 1 in Evocations
   366 | D:1      | Found a sparkling altar of Nemelex Xobeh.
   415 | D:1      | Reached XP level 2. HP: 21/26 MP: 2/2
   837 | D:2      | Reached XP level 3. HP: 33/33 MP: 4/4
   975 | D:2      | Reached skill level 1 in Armour
  1074 | D:2      | Found a shimmering altar of Xom.
  1074 | D:2      | Found a white marble altar of Elyvilon.
  1462 | D:2      | Found a glowing golden altar of the Shining One.
  1760 | D:3      | Noticed an ice beast
  2546 | D:1      | Slain by an ice beast

Action                   || total
-------------------------++-------
Melee: Flail             ||   126
 Abil: Device Recharging ||     1
Evoke: Wand              ||     9
  Use: Scroll            ||     6
       Potion            ||     2
  Eat: Chunk             ||     3
       Bread ration      ||     1

Vault maps used:
D:1:      arrival_aquarium_b, st_stairs_12, nemelex_altar_shiori
D:2:      lemuel_coloured_pillars_altar, gammafunk_temple_overflow_elements,
          first_bread
D:3:      ashenzari_altar_1, ecumenical_altar_1, kennysheep_generic_room_15,
          uniq_sigmund
